 Dungeon Crawl Stone Soup version 0.19-a0-1740-g0bcaf2e (webtiles) character file.

2965 Alarkh the Carver (level 9, -1/57 HPs)
             Began as a Mummy Necromancer on Oct 1, 2016.
             Was a Follower of Okawaru.
             Slain by a two-headed ogre
             ... wielding a +0 giant spiked club
              (22 damage)
             ... on level 8 of the Dungeon.
             The game lasted 00:13:27 (6632 turns).

Alarkh the Carver (Mummy Necromancer)               Turns: 6632, Time: 00:13:27

Health: -1/57      AC:  4    Str: 15      XL:     9   Next: 52%
Magic:  1/17       EV: 11    Int: 17      God:    Okawaru [*.....]
Gold:   342        SH:  3    Dex: 10 (12) Spells: 2 memorised, 15 levels left

rFire  x . .     SeeInvis .     a - +0 falchion
rCold  + . .     Gourm    .     h - +0 robe
rNeg   + + +     Faith    .     B - +0 buckler
rPois  ∞         Spirit   .     u - +1 helmet (curse)
rElec  .         Dismiss  .     (no cloak)
rCorr  .         Reflect  .     (no gloves)
MR     +....     Harm     .     (no boots)
Stlth  ++........               n - amulet of regeneration
                                (no ring)
                                g - +3 ring of strength

@: no status effects
A: no food or potions, fire vulnerability, cold resistance 1, negative energy
resistance 3, torment resistance, unbreathing
a: Heroism, Renounce Religion


You were on level 8 of the Dungeon.
You worshipped Okawaru.
Okawaru was aware of your devotion.
You were not hungry.

You visited 2 branches of the dungeon, and saw 9 of its levels.

You collected 342 gold pieces.

Inventory:

Hand Weapons
 a - a +0 falchion (weapon)
 b - a +0 dagger of electrocution
 p - a +4 arbalest
 w - a +0 dagger of venom
Missiles
 r - a throwing net (quivered)
Armour
 h - a +0 robe (worn)
 k - a +0 helmet
 o - a +0 robe
 u - a cursed +1 helmet (worn)
 B - a +0 buckler (worn)
Jewellery
 g - a +3 ring of strength (left hand)
 n - an amulet of regeneration (around neck)
Wands
 s - a wand of flame (24/48)
 v - a wand of confusion (28/48)
 A - a wand of iceblast (9/15)
Scrolls
 c - 6 scrolls of remove curse
 d - 2 scrolls of amnesia
 e - a scroll of identify
 f - 5 scrolls of enchant armour
 j - 3 scrolls of magic mapping
 l - 2 scrolls of teleportation
 m - a scroll of enchant weapon
 q - a scroll of fog
 x - a scroll of vulnerability
 y - a scroll of blinking {unknown}
 z - a scroll of fear {unknown}
Books
 i - a book of Necromancy

   Spells                             Type                      Level
   a - Pain                           Necromancy                   1
   b - Animate Skeleton               Necromancy                   1
   c - Vampiric Draining              Necromancy                   3
   d - Regeneration                   Charms/Necromancy            3
   e - Animate Dead                   Necromancy                   4
   f - Control Undead                 Necromancy                   4
Miscellaneous
 t - a fan of gales (inert)


   Skills:
 * Level 8.3 Long Blades
 - Level 1.5 Dodging
 - Level 1.5 Stealth
 + Level 1.9 Shields
 - Level 5.7 Spellcasting
 - Level 7.1 Necromancy


You had 15 spell levels left.
You knew the following spells:

 Your Spells              Type           Power        Failure   Level  Hunger
a - Pain                  Necr           ####         1%          1    N/A
e - Vampiric Draining     Necr           ####......   2%          3    N/A

Dungeon Overview and Level Annotations

Branches:
Dungeon (8/15)             Temple (1/1) D:7
   Lair: D:8-11

Altars:
Ashenzari
Cheibriados
Dithmenos
Elyvilon
Fedhas
Gozag
Hepliaklqana
Kikubaaqudgha
Makhleb
Nemelex Xobeh
Okawaru
Qazlal
Ru
Sif Muna
Vehumet
Xom
Yredelemnul
Zin
The Shining One

Shops:
D:5 =   D:6 :


Innate Abilities, Weirdness & Mutations

You do not eat or drink.
Your flesh is vulnerable to fire.
You are immune to poison.
Your flesh is cold resistant. (rC+)
You are immune to negative energy. (rN+++)
You are immune to unholy pain and torment.
You can survive without breathing.


Message History

The two-headed ogre struggles to resist.
You slash the two-headed ogre!
The two-headed ogre is heavily wounded.
The two-headed ogre hits you with a giant spiked club!
The two-headed ogre hits you with a giant spiked club!!
* * * LOW HITPOINT WARNING * * *
You are too injured to fight recklessly!
The crimson imp blinks!
The crimson imp shouts, "Get thee hence, thou unctious musty lout!"
The crimson imp blinks!
Casting: Pain
Confirm with . or Enter, or press ? or * to list all spells.
Aiming: Vampiric Draining
Press: ? - help, Shift-Dir - straight line, f/p - two-headed ogre
Aim: a two-headed ogre, wielding two giant spiked clubs (moderately wounded)
The two-headed ogre is heavily wounded.
You feel life coursing into your body. The two-headed ogre barely misses you.
The two-headed ogre hits you with a giant spiked club!!
You die...

#.....# #.#
#.....###.#
#.......§.#
#...[.#####
#.....##
#......#
#.5....#
##..<#.#
#.###@#
#..5O.#
#######


You could see a two-headed ogre and a crimson imp.

Vanquished Creatures
  Joseph (D:7)
  Eustachio (D:3)
  Menkaure (D:3)
  Duvessa (D:4)
  The ghost of Amnesiac the Digger, an amateur DEEE (D:4)
  2 orc warriors
  2 sky beasts
  2 centaurs
  3 ogres
  Blork the orc (D:3)
  A bullfrog (D:6)
  Dowan (D:4)
  A scorpion (D:6)
  3 killer bees (D:7)
  A howler monkey (D:7)
  A crimson imp (D:7)
  A jelly (D:4)
  A quasit (D:7)
  A centaur zombie (D:6)
  3 hounds
  6 orc priests
  3 orc wizards
  A bullfrog skeleton (D:4)
  7 worker ants
  2 iguanas
  A hound skeleton (D:3)
  Robin (D:4)
  3 gnolls (D:7)
  8 adders
  2 shadow imps
  An ooze (D:5)
  An adder skeleton (D:5)
  2 worms (D:2)
  3 dart slugs
  8 leopard geckos
  25 orcs
  3 bats
  5 giant cockroaches
  16 goblins
  12 hobgoblins
  12 jackals
  5 kobolds
  3 quokkas
  2 ball pythons
  4 frilled lizards
  A jackal skeleton (D:4)
  8 rats
174 creatures vanquished.

Notes
Turn   | Place    | Note
-------+----------+-------------------------------------------
     0 | D:1      | Alarkh the Mummy Necromancer began the quest for the Orb.
     0 | D:1      | Reached XP level 1. HP: 13/13 MP: 3/3
   274 | D:1      | Reached XP level 2. HP: 19/19 MP: 0/5
   880 | D:2      | Found a radiant altar of Vehumet.
   880 | D:2      | Found a sparkling altar of Nemelex Xobeh.
   885 | D:2      | Found a sacrificial altar of Ru.
   944 | D:2      | Found a snail-covered altar of Cheibriados.
   945 | D:2      | Found a shattered altar of Ashenzari.
  1002 | D:2      | Reached XP level 3. HP: 15/24 MP: 5/7
  1053 | D:2      | Learned a level 3 spell: Vampiric Draining
  1177 | D:2      | Found a deep blue altar of Sif Muna.
  1434 | D:2      | Reached XP level 4. HP: 10/30 MP: 0/8
  1615 | D:3      | Reached skill level 5 in Necromancy
  2086 | D:3      | Reached XP level 5. HP: 35/35 MP: 8/10
  2628 | D:4      | Noticed Dowan
  2629 | D:4      | Noticed Duvessa
  2652 | D:4      | Killed Duvessa
  2652 | D:4      | Reached XP level 6. HP: 10/41 MP: 8/12
  2654 | D:4      | HP: 1/41 [Dowan/shard of ice (10)]
  2660 | D:4      | Killed Dowan
  2809 | D:4      | Noticed Eustachio
  2870 | D:4      | Noticed Menkaure
  2963 | D:3      | Killed Eustachio
  2963 | D:3      | Reached skill level 5 in Spellcasting
  2963 | D:3      | Reached XP level 7. HP: 41/46 MP: 2/14
  3073 | D:4      | Noticed Blork the orc
  3091 | D:3      | Killed Blork the orc
  3131 | D:3      | Killed Menkaure
  3131 | D:3      | Reached skill level 1 in Long Blades
  3135 | D:4      | Reached skill level 2 in Long Blades
  3142 | D:4      | Noticed Amnesiac's ghost (amateur DEEE)
  3249 | D:4      | Killed Amnesiac's ghost
  3249 | D:4      | Reached skill level 3 in Long Blades
  3262 | D:4      | Reached XP level 8. HP: 22/52 MP: 9/16
  3538 | D:4      | Reached skill level 4 in Long Blades
  3686 | D:4      | Found a shimmering altar of Xom.
  3783 | D:4      | Noticed Robin
  3804 | D:4      | Killed Robin
  4147 | D:5      | Entered Level 5 of the Dungeon
  4186 | D:5      | Found Posuz's Jewellery Emporium.
  4301 | D:5      | Reached skill level 5 in Long Blades
  4835 | D:5      | Found an opulent altar of Gozag.
  4835 | D:5      | Found a stormy altar of Qazlal.
  5009 | D:6      | Reached skill level 6 in Long Blades
  5184 | D:6      | Found Ganwa's Book Emporium.
  5540 | D:7      | Reached XP level 9. HP: 36/57 MP: 10/17
  5593 | D:6      | Reached skill level 7 in Long Blades
  5806 | D:7      | Noticed Joseph
  5862 | D:7      | Found a staircase to the Ecumenical Temple.
  5971 | Temple   | Entered the Ecumenical Temple
  6122 | Temple   | Became a worshipper of Warmaster Okawaru
  6321 | D:7      | Reached skill level 1 in Shields
  6557 | D:7      | Killed Joseph
  6557 | D:7      | Reached * piety under Okawaru
  6557 | D:7      | Reached skill level 8 in Long Blades
  6561 | D:7      | Found a basalt altar of Yredelemnul.
  6632 | D:8      | Slain by a two-headed ogre

Vault maps used:
D:1:      lightli_arrival_boilingwater
D:2:      grunt_temple_overflow_open, lemuel_blue_sif_altar, serial_glass,
          glass_columns_b, glass_columns_a, item_on_display_a, feat_on_display,
          feat_on_display, first_bread
D:3:      minivault_25
D:4:      nicolae_overflow_crystal_walls, minmay_checkerbox, uniq_blork_the_orc,
          uniq_robin, uniq_duvessa, uniq_menkaure, uniq_eustachio
D:5:      amethyst_overflow_temple_binary, serial_shops, shop
D:6:      serial_shops, nicolae_shop_competitors_out_of_business
D:7:      kennysheep_mini_moat, uniq_joseph
D:8:      hangedman_cross_veins, dpeg_lair_monsters, uniq_gastronok, uniq_erica,
          uniq_grum
Temple:   compressed_dpeg_triangle_lava_temple

Skill      XL: |  1  2  3  4  5  6  7  8  9 |
---------------+----------------------------+-----
Spellcasting   | 3 4 5 |  5.7
Necromancy     | 5 6 7 |  7.1
Long Blades    | 3 6 8 |  8.3
Shields        | 1 |  1.9
Dodging        | |  1.5
Stealth        | |  1.5

Action                   |  1- 3 |  4- 6 |  7- 9 || total
-------------------------+-------+-------+-------++-------
Melee: Unarmed           |    36 |       |       ||    36
       Dagger            |    32 |    88 |   194 ||   314
       Falchion          |       |       |   256 ||   256
 Cast: Pain              |    59 |    37 |    48 ||   144
       Vampiric Draining |     1 |     7 |    61 ||    69
Evoke: Fan of gales      |       |       |     1 ||     1
       Wand              |       |       |     4 ||     4
  Use: Scroll            |     3 |       |     6 ||     9
 Stab: Sleeping          |       |       |     1 ||     1
       Confused          |       |       |     1 ||     1
Armor: Robe              |    16 |    34 |   119 ||   169
Dodge: Dodged            |    53 |   100 |   341 ||   494
Block: Buckler           |       |       |     7 ||     7
